[Event "Chinese League Div-A Rapid 2022"]
[Site "Fuling,Chongqing"]
[Date "2022.09.07"]
[Round "2.27"]
[White "Wei, Yi"]
[Black "Ding, Liren"]
[Result "1/2-1/2"]
[ECO "C48"]
[WhiteElo "2727"]
[BlackElo "2808"]
[Annotator "TA"]
[PlyCount "45"]
[EventDate "2022.09.07"]
[EventType "team-tourn"]
[EventCountry "CHN"]
[SourceTitle "playchess.com"]
[Source "ChessBase"]
[SourceQuality "1"]
[TimeControl "1500+10"]

1. e4 e5 2. Nf3 Nc6 3. Nc3 Nf6 4. Bb5 Nd4 5. Bc4 Bc5 6. Nxe5 Qe7 {[%emt 0:00:01] C48: Four Knights: 4 Bb5, replies other than 4...Bb4.} 7. Nf3 (7. Bxf7+ Kf8 8. Nd3 (8. f4 $2 d6 $19) 8... Kxf7 $17) (7. Nxf7 Rf8 8. O-O b5 9. Nxb5 (9. Nd5 Nxd5 10. Bxd5 c6 $11) 9... Nxb5 $11) 7... d5 $1 (7... Nxe4 8. Nd5 Nxf3+ 9. gxf3 $16 (9. Qxf3 Ng5+ 10. Qe3 Qxe3+ 11. Nxe3 O-O $11)) 8. Bxd5 {[%emt 0:00:01] Black must now prevent Nxd4.} Bg4 {[%emt 0:01:20] White has an edge.} 9. d3 {[%emt 0:00:07] The position is equal.} (9. Bxb7 Rb8 10. Ba6 Nxe4 $19) 9... O-O-O 10. Be3 Nxd5 11. Nxd5 (11. exd5 Bxf3 12. gxf3 Nf5 $15) 11... Rxd5 12. exd5 {[%emt 0:00:03] [#] aiming for Kd2.} Re8 $1 13. O-O Bxf3 14. gxf3 {[%emt 0:00:06] Threatens to win with Re1.} Bd6 {[%emt 0:00:18] ...Qh4 is the strong threat.} 15. f4 (15. Bxd4 {is a self mate.} Qg5+ 16. Kh1 Qf4) 15... Qh4 $1 16. Bxd4 Bxf4 {[%emt 0:00:15][%csl Gf4][%cal Rh4h2] [#]} 17. Kg2 (17. h3 Qxh3) 17... Qxh2+ 18. Kf3 {[%emt 0:00:02] And now Rh1 would win.} Qh3+ 19. Kxf4 Qh2+ $1 20. Kf3 (20. Kg5 {gets mated.} f6+ 21. Kg4 f5+ 22. Kg5 Qh6+ 23. Kxf5 Rf8+) 20... Qh3+ 21. Kf4 Qh2+ {[%emt 0:00:03] [#]} 22. Kf3 $146 (22. Kg5 {leads to mate.} f6+ 23. Kg4 f5+ 24. Kg5 Qh6+ 25. Kxf5 Rf8+) ({Predecessor:} 22. Kf5 g6+ 23. Kg4 Qg2+ 24. Kh4 Qh2+ 25. Kg4 Qg2+ 26. Kh4 Qh2+ 27. Kg4 Qg2+ 28. Kh4 Qh2+ 29. Kg4 Qg2+ 30. Kh4 Qh2+ {½-½ (30) Wei,Y (2729)-Ding,L (2799) Hangzhou 2022}) 22... Qh3+ 23. Kf4 {[%emt 0:00:18] A balanced but interesting game.  Weighted Error Value: White=0.01 (flawless) /Black=0.00 (flawless)} 1/2-1/2

[Event "Chinese League Div-A Rapid 2022"]
[Site "Fuling,Chongqing"]
[Date "2022.09.07"]
[Round "2.28"]
[White "Xu, Jun"]
[Black "Lu, Shanglei"]
[Result "1/2-1/2"]
[ECO "D27"]
[WhiteElo "2474"]
[BlackElo "2616"]
[Annotator "TA"]
[PlyCount "46"]
[EventDate "2022.09.07"]
[EventType "team-tourn"]
[EventCountry "CHN"]
[SourceTitle "playchess.com"]
[Source "ChessBase"]
[SourceQuality "1"]
[TimeControl "1500+10"]

1. d4 Nf6 2. Nf3 e6 3. c4 d5 4. Nc3 dxc4 5. e3 a6 6. a4 c5 7. Bxc4 Nc6 8. O-O Be7 9. Qe2 cxd4 10. Rd1 e5 11. exd4 exd4 12. Nxd4 Nxd4 13. Qe5 Qd6 14. Qxd4 Qxd4 15. Rxd4 Bc5 16. Rd1 {[%emt 0:00:23] D27: Queen's Gambit Accepted: Classical main line: 7 e4!? and 7 a4.} O-O 17. Bg5 Be6 18. Bxe6 fxe6 19. Bxf6 gxf6 20. Ne4 Bb4 21. Rac1 {[%emt 0:00:44] Black must now prevent Rc7.} Rf7 {[%emt 0:00:29] Against Rc7} 22. Kf1 {[%emt 0:00:22] [#]} Raf8 $146 ({Predecessor:} 22... h6 23. Rc4 a5 24. Rd7 Raf8 25. Rcc7 Rxd7 26. Rxd7 Rf7 27. Rd8+ Kh7 28. g4 f5 29. gxf5 Rxf5 {½-½ (50) Xu,X (2577)-Narayanan,S (2565) Bhubaneswar 2018}) 23. Nc5 Re8 {[%emt 0:02:07] Weighted Error Value: White=0.05 (flawless) /Black=0.10 (very precise)} 1/2-1/2

[Event "Chinese League Div-A Rapid 2022"]
[Site "Fuling,Chongqing"]
[Date "2022.09.07"]
[Round "2.29"]
[White "Zhu, Jiner"]
[Black "Yuan, Ye"]
[Result "1-0"]
[ECO "C42"]
[WhiteElo "2464"]
[BlackElo "2108"]
[Annotator "TA"]
[PlyCount "95"]
[EventDate "2022.09.07"]
[EventType "team-tourn"]
[EventCountry "CHN"]
[SourceTitle "playchess.com"]
[Source "ChessBase"]
[SourceQuality "1"]
[TimeControl "1500+10"]

1. e4 e5 2. Nf3 Nf6 3. Nxe5 d6 4. Nf3 Nxe4 5. Nc3 Nxc3 6. dxc3 Be7 7. Be3 Bf6 {[%emt 0:01:35] C42: Petroff Defence: 3 Nxe5 and unusual White 3rd moves.} 8. Qd2 Bg4 9. O-O-O Nc6 {[%emt 0:01:40] White is slightly better.} 10. h3 {[%emt 0:00:07] [#]} Be6 $146 ({Predecessor:} 10... Bxf3 11. gxf3 Qd7 12. h4 Qf5 13. f4 Qa5 14. Bc4 Rf8 15. Qe2 O-O-O 16. Rd5 Qa4 17. Kb1 a6 18. b3 Qa3 19. Bc1 Rde8 20. Qg4+ {1-0 (20) Gardner,R (2257)-Pua,R (1796) Edmonton 2004}) 11. g4 h6 12. Bg2 Qd7 ({Less strong is} 12... Bxa2 13. b3 $16 (13. Nd4 Nxd4 14. Bxd4 Be6 $16)) 13. b3 O-O-O 14. Nd4 Nxd4 15. Bxd4 Kb8 16. Bxf6 gxf6 17. f4 f5 18. g5 hxg5 19. fxg5 Rh4 {[%emt 0:00:12] [#] White stays focused until the end.} (19... f6 $14) 20. Qf2 $1 $16 Rdh8 (20... Rhh8 $16 {was called for.}) 21. Rd4 $18 Rxd4 (21... R4h7 $16 {keeps fighting.}) 22. Qxd4 Qd8 23. h4 Rg8 24. Bf3 $40 {[%emt 0:00:09][%mdl 128] White has strong attack.} f6 (24... b6 $142 25. Kb2 Rg6) 25. Re1 Bc8 (25... Bf7 {was necessary.} 26. Qxf6 Qxf6 27. gxf6 Rf8) 26. Bd5 fxg5 27. Bxg8 Qxg8 {[%emt 0:00:01][%mdl 4096] Endgame KQR-KQB} 28. h5 Qh7 29. Qf6 {[%emt 0:00:40] [#] Hoping for h6.} Qxh5 30. Qd8 b6 (30... b5 $142 31. Re8 Qh1+ 32. Kb2 Qb7 33. Qxg5 Qf3) 31. Re8 Qh1+ 32. Kb2 Qb7 33. Qxg5 Qc6 34. Qd8 Qb7 35. b4 b5 $2 (35... f4 36. Rf8 f3) 36. Rf8 {[%emt 0:00:17] Threatens to win with Rxf5.} a6 37. Rxf5 Ka7 38. Rf7 Kb6 39. Qe8 $2 (39. Rf8) 39... a5 $2 (39... Qd5 40. Qe7 Qc4) 40. Rf8 {[%emt 0:01:11] White is clearly winning.} Bg4 41. Rf4 Bc8 (41... Qc8 $142) 42. a4 bxa4 43. bxa5+ Ka7+ 44. Rb4 Qa6 45. Qd8 a3+ 46. Kxa3 c5 47. Qb6+ Qxb6 48. Rxb6 {[%emt 0:00:02] Weighted Error Value: White=0.46/Black=0.40} 1-0

[Event "Chinese League Div-A Rapid 2022"]
[Site "Fuling,Chongqing"]
[Date "2022.09.07"]
[Round "2.30"]
[White "Bai, Xue"]
[Black "Guo, Qi"]
[Result "1/2-1/2"]
[ECO "B11"]
[WhiteElo "2123"]
[BlackElo "2406"]
[Annotator "TA"]
[PlyCount "105"]
[EventDate "2022.09.07"]
[EventType "team-tourn"]
[EventCountry "CHN"]
[SourceTitle "playchess.com"]
[Source "ChessBase"]
[SourceQuality "1"]
[TimeControl "1500+10"]

1. e4 c6 2. Nc3 d5 3. Nf3 Bg4 4. h3 Bxf3 5. Qxf3 e6 6. d3 Nf6 7. g3 Bb4 8. Bd2 d4 9. Nb1 {[%emt 0:01:31] B11: Caro-Kann: Two Knights Variation.} Qb6 10. c3 Ba5 {[%emt 0:05:24] [#]} 11. b3 $146 {[%emt 0:01:03] Black is slightly better.} ({Predecessor:} 11. Bc1 c5 12. Bg2 Nc6 13. O-O O-O 14. Qe2 e5 15. Kh1 dxc3 16. bxc3 Qa6 17. Bb2 {1-0 (44) Saenz Narciso,M (2226)-Veganzonez Rojo,D (2072) Gijon 2011}) 11... dxc3 12. Nxc3 Nbd7 {[%emt 0:00:10][%cal Bb8d7,Bd7e5,Be5f3,Bf3d2][%mdl 32] And now ...Ne5 would win.} 13. Qe3 Ne5 14. Qxb6 axb6 15. Kd1 Nf3 16. Bg2 Nxd2 (16... O-O-O {looks sharper.} 17. Kc2 Nxd2 18. Kxd2 Rd4) 17. Kxd2 Ke7 18. Kc2 Bxc3 19. Kxc3 Rhd8 20. Rhd1 b5 21. a4 bxa4 22. Rxa4 Rxa4 23. bxa4 $11 {[%emt 0:00:02][%mdl 4096] Endgame KRB-KRN} Ra8 24. Rb1 Ra7 25. Bf3 Ne8 26. Bd1 Nd6 27. Bc2 e5 28. f4 f6 29. d4 exd4+ 30. Kxd4 g6 31. h4 Ra5 32. Bb3 c5+ 33. Kd3 b5 34. axb5 {[%emt 0:00:05] [#] aiming for b6.} Rxb5 35. Bc2 {[%emt 0:00:17] Threatens to win with e5.} Ra5 36. Kc3 c4 37. Kd2 Ra3 38. e5 fxe5 39. fxe5 Nf7 40. Rb7+ Ke6 41. g4 Nxe5 {[%emt 0:01:09] White must now prevent ...Nf3+.} 42. Rxh7 c3+ 43. Ke3 Nxg4+ 44. Kd4 Ne5 45. h5 Nf3+ 46. Kc4 ({White should play} 46. Ke3 $11) 46... gxh5 (46... Ne1 $1 $15 47. hxg6 (47. Bxg6 c2 $11) 47... Nxc2) 47. Rxh5 {[%emt 0:00:06] The position is equal.} Ne1 48. Rh2 Kd6 49. Kb4 Nxc2+ 50. Rxc2 Ra8 51. Rxc3 Rb8+ 52. Kc4 Rc8+ 53. Kd4 {[%emt 0:00:09] Weighted Error Value: White=0.07 (flawless) /Black=0.06 (flawless)} 1/2-1/2

[Event "Chinese League Div-A Rapid 2022"]
[Site "Fuling,Chongqing"]
[Date "2022.09.08"]
[Round "3.1"]
[White "Ni, Hua"]
[Black "Wei, Yi"]
[Result "1/2-1/2"]
[ECO "D41"]
[WhiteElo "2668"]
[BlackElo "2727"]
[Annotator "TA"]
[PlyCount "66"]
[EventDate "2022.09.07"]
[EventType "team-tourn"]
[EventCountry "CHN"]
[SourceTitle "playchess.com"]
[Source "ChessBase"]
[SourceQuality "1"]
[TimeControl "1500+10"]

1. Nf3 d5 2. d4 Nf6 3. c4 e6 4. Nc3 c5 5. cxd5 cxd4 6. Qxd4 exd5 7. e4 {[%emt 0:00:14] D41: Queen's Gambit Declined: Semi-Tarrasch with 5 cxd5.} dxe4 $1 {[%emt 0:00:03][%mdl 4] is currently scoring better than 7...Nc6.} 8. Qxd8+ Kxd8 9. Ng5 {[%emt 0:00:01][%csl LRe4,LRf7] White is slightly better.} Be6 10. Nxe6+ fxe6 11. Bc4 Ke7 12. Bg5 Nc6 13. Nxe4 Kf7 14. Nxf6 (14. Bxf6 $14 {might be stronger.} gxf6 15. O-O-O) 14... Bb4+ $11 {[%emt 0:00:24] [#] The position is equal.} 15. Ke2 $146 ({Predecessor:} 15. Bd2 Bxd2+ 16. Kxd2 Kxf6 17. Rac1 Rhd8+ 18. Ke3 Rd6 19. Rhd1 Rad8 20. Rxd6 Rxd6 21. Bd3 {½-½ (31) Baum,J (2410)-Bilych,O (2365) Thessaloniki 2022}) 15... Nd4+ 16. Kd3 gxf6 17. Kxd4 Rad8+ 18. Ke4 fxg5 19. Rhd1 Bc5 20. f3 Ke7 21. Rac1 Rxd1 22. Rxd1 {[%emt 0:00:01][%mdl 4096] Endgame KRB-KRB} Rf8 {[%emt 0:00:38] [#] White must now prevent ...Rf4+.} 23. g3 {[%emt 0:00:10] Against Rf4+} Bd6 24. Re1 Rf5 {[%emt 0:00:14] Hoping for ...Re5+.} 25. Re2 Re5+ 26. Kd3 Rxe2 27. Kxe2 {[%emt 0:00:02] KB-KB} h5 28. Bd3 h4 29. gxh4 gxh4 30. h3 Bc7 31. Bc2 Bd6 32. Bd3 Bc7 33. Bc2 Bd6 {[%emt 0:00:10] Weighted Error Value: White=0.04 (flawless) /Black=0.04 (flawless)} 1/2-1/2

[Event "Chinese League Div-A Rapid 2022"]
[Site "Fuling,Chongqing"]
[Date "2022.09.08"]
[Round "3.2"]
[White "Lou, Yiping"]
[Black "Lin, Chen"]
[Result "1-0"]
[ECO "D15"]
[WhiteElo "2485"]
[BlackElo "2485"]
[Annotator "TA"]
[PlyCount "45"]
[EventDate "2022.09.07"]
[EventType "team-tourn"]
[EventCountry "CHN"]
[SourceTitle "playchess.com"]
[Source "ChessBase"]
[SourceQuality "1"]
[TimeControl "1500+10"]

1. d4 d5 2. c4 c6 3. Nf3 Nf6 4. Nc3 a6 5. c5 Nbd7 6. Bf4 Nh5 7. Bd2 Nhf6 {[%emt 0:00:01][%cal Oe7e5] Inhibits e4. D15: Slav Defence: 4 Nc3 a6 and gambit lines after 4 Nc3 dxc4.} 8. Qc2 g6 9. g3 Bg7 {[%emt 0:00:09][%cal Oe7e5] White has an edge.} 10. Bg2 O-O 11. O-O Re8 12. Rad1 (12. Rfd1 {feels hotter.} e5 13. dxe5 Ng4 14. e6) 12... b6 13. cxb6 Qxb6 {[%emt 0:00:03] [#]} 14. Rfe1 $146 ({Predecessor:} 14. Bf4 a5 15. Na4 Qb5 16. Rfe1 Ba6 17. Ne5 Rac8 18. Rc1 e6 19. Nd3 Bf8 20. Bg5 {1-0 (44) Bocharov,D (2602)-Dgebuadze,A (2504) Cappelle la Grande 2007}) 14... e5 15. Na4 Qb5 {[%emt 0:03:31] [#]} (15... Qa7 $14) 16. dxe5 $1 $16 Nxe5 17. Nd4 {[%emt 0:00:04][%cal Bf3d4,Bd4c6,Bc6e5][%mdl 32] Inhibits Bf5.} Qb7 18. Bf4 Ne4 19. Bxe5 Bxe5 20. Qxc6 Qxc6 (20... Kf8 $16 {keeps fighting.} 21. Bxe4 dxe4) 21. Nxc6 $18 {[%emt 0:00:07] [#] Hoping for Nb6. Pair of Knights!} Bd7 22. Nxe5 Bxa4 23. Rxd5 {[%emt 0:00:12] Weighted Error Value: White=0.02 (flawless) /Black=0.23 (precise)} 1-0

[Event "Chinese League Div-A Rapid 2022"]
[Site "Fuling,Chongqing"]
[Date "2022.09.08"]
[Round "3.3"]
[White "Zhang, Zhong"]
[Black "Chen, Qi b"]
[Result "1/2-1/2"]
[ECO "D00"]
[WhiteElo "2617"]
[BlackElo "2485"]
[Annotator "TA"]
[PlyCount "186"]
[EventDate "2022.09.07"]
[EventType "team-tourn"]
[EventCountry "CHN"]
[SourceTitle "playchess.com"]
[Source "ChessBase"]
[SourceQuality "1"]
[TimeControl "1500+10"]

1. d4 Nf6 2. Nc3 d5 3. Bf4 a6 4. e3 e6 5. g4 Bd6 6. g5 Nfd7 7. Qf3 Qe7 8. O-O-O c5 9. Nge2 cxd4 10. Nxd4 g6 (10... Bxf4 $16 11. Qxf4 O-O) 11. h4 $18 Nc6 12. h5 (12. Bg2 $18) 12... Nxd4 (12... Bxf4 $16 {was necessary.} 13. exf4 (13. Qxf4 e5 $14) 13... Rf8) 13. exd4 $18 ({Don't do} 13. Rxd4 $6 Bxf4 14. exf4 (14. Rxf4 Qxg5 15. hxg6 fxg6 $11) (14. Qxf4 e5 $14) 14... Rg8 $16) 13... Rf8 14. Bd3 $1 Nb6 15. hxg6 $1 Bxf4+ 16. Qxf4 fxg6 17. Qe5 Kd7 (17... Kd8 $16 18. Kb1 Bd7) 18. f4 Kc6 (18... Kd8 $142 19. Rde1 Re8) 19. Rh3 Rf7 20. Rdh1 Nd7 21. Qe3 Nf8 22. Rh4 Bd7 23. Ne2 Kb6 24. Ng1 Qd6 25. c3 Bb5 26. Bc2 Rc8 27. Nf3 Rfc7 28. Kb1 Ka7 29. Ne5 Ka8 30. Ng4 Rf7 31. Nh6 Rg7 32. Qe5 Qe7 33. Re1 Qd7 34. Qf6 Re7 35. Qe5 (35. Reh1 $16) 35... Qd8 (35... Rg7 $1 $11) 36. Rh3 $16 Qb6 37. Qe3 Rec7 38. Qd2 Qd6 39. Ng4 Ka7 40. Nf6 (40. Ka1 $142) 40... Rf7 $16 41. Rh6 Rcc7 42. Qe3 (42. Qh2 $142) 42... Qb6 $2 (42... Rce7 $16) 43. Reh1 (43. f5 $1 $18 ) 43... Rce7 44. R1h3 Rc7 45. Bb3 (45. Qf2 $142) 45... Bc6 (45... Nd7 $142) 46. Qe5 (46. R3h4 $16) 46... Bb5 (46... Nd7 $14 47. Nxd7 (47. Qxe6 Nxf6 48. gxf6 Bd7 $11) 47... Rcxd7) 47. Re3 ({White should try} 47. f5 $16) 47... Bc4 48. Kc2 (48. Bc2 $16) 48... Qb5 49. Rh1 a5 50. Qd6 a4 (50... Rc6 $11 51. Qa3 Bxb3+ 52. Qxb3 Qa6) 51. Qa3 $1 $16 Bxb3+ 52. axb3 Qxb3+ 53. Qxb3 axb3+ 54. Kxb3 Rc6 55. Rh6 Kb6 56. Reh3 Rcc7 57. Kc2 Kc6 58. Rh1 b6 59. Ra1 Kb7 60. Kd3 Rce7 61. Ke3 Nd7 62. Ng4 Re8 63. Rah1 Ree7 64. R6h2 Kc6 (64... Kc8 $16 65. b3 Kc7) 65. b3 $18 Kb5 66. Ra1 Rf8 67. Ra4 Ref7 68. Rf2 $1 Rc8 69. Rb4+ Kc6 70. Ra4 (70. c4 $16) 70... Kb5 $1 $18 71. Kd3 $2 (71. Rc2 $1 $18) 71... Rcf8 $14 72. Ke3 (72. Ne5 $11 Nxe5+ 73. dxe5) 72... Rc8 $1 $16 73. Rb4+ Kc6 74. Nh6 (74. c4 $1 $16) 74... Rff8 $14 75. Ra4 Kb5 (75... b5 $14 76. Ra7 Kd6) 76. Kd3 (76. Rc2 $1 $16) 76... Rc7 (76... e5 $1 $14) 77. Rb4+ (77. Ng4 $16) 77... Kc6 $11 78. c4 Ra7 79. Re2 Kd6 80. Ke3 Ra3 81. Rb2 Ra1 82. Ng4 (82. cxd5 $11 exd5 83. Ng4) 82... Re1+ $1 $17 83. Kf3 {[%emt 0:00:03] [#]} Re4 $1 84. c5+ bxc5 85. dxc5+ Nxc5 86. Rxe4 Nxe4 87. Ke3 Rb8 88. b4 {[%emt 0:00:12] [#]} Rc8 (88... Ra8 $1 $17 {[%cal Ra8a3] Threatens to win with ...Ra3+.} 89. Nf2 Nxf2 90. Kxf2 Ra7) 89. b5 $2 (89. Ne5 $11 {and White is okay.}) 89... Rc3+ $19 90. Kd4 Rc4+ $2 (90... Rf3 $19 91. Nf6 Nxf6 92. gxf6 Rxf4+ 93. Kc3 Rxf6) 91. Ke3 $11 Rc3+ $2 (91... Rc7 $11 92. b6 Rb7) 92. Kd4 $19 Rc4+ $2 ({Black should play} 92... Rf3 $19 93. Nf6 Nxf6 94. gxf6 Rxf4+ 95. Kc3 Rxf6) 93. Ke3 $11 Rc3+ 1/2-1/2

[Event "Chinese League Div-A Rapid 2022"]
[Site "Fuling,Chongqing"]
[Date "2022.09.08"]
[Round "3.4"]
[White "Guo, Qi"]
[Black "Ju, Wenjun"]
[Result "1/2-1/2"]
[ECO "D38"]
[WhiteElo "2406"]
[BlackElo "2560"]
[Annotator "TA"]
[PlyCount "62"]
[EventDate "2022.09.07"]
[EventType "team-tourn"]
[EventCountry "CHN"]
[SourceTitle "playchess.com"]
[Source "ChessBase"]
[SourceQuality "1"]
[TimeControl "1500+10"]

1. d4 Nf6 2. c4 e6 3. Nf3 d5 4. Nc3 Bb4 5. Bg5 h6 6. Bxf6 Qxf6 7. e3 O-O 8. Rc1 dxc4 9. Bxc4 c5 10. O-O cxd4 11. Nxd4 {[%emt 0:01:56] The position is equal.} Bd7 {[%emt 0:01:14] D38: Queen's Gambit Declined: Ragozin Defence (4 Nf3 Bb4).} 12. Qb3 Nc6 13. Nxc6 Bxc3 14. Qxb7 Bxc6 15. Qxc6 Bxb2 16. Rc2 Rfc8 17. Qe4 Qe5 {[%emt 0:01:12] [#]} 18. Qxe5 $146 (18. Qb7 {is more complex.} Rcb8 19. Qf3 Rd8 20. g3) ({Predecessor:} 18. Bd3 Qxe4 19. Bxe4 Rxc2 20. Bxc2 Rc8 21. Bb3 Kf8 22. Rd1 Rc1 23. Rxc1 Bxc1 24. Kf1 {½-½ (30) Guo,Q (2439)-Tan,Z (2483) Manila 2013}) 18... Bxe5 19. g3 g6 20. Rfc1 Rab8 21. Bb3 Rxc2 22. Rxc2 $11 {[%emt 0:00:02][%mdl 4096] Endgame KRB-KRB} Rb7 23. Kg2 Rc7 24. Rxc7 Bxc7 {[%emt 0:00:02] KB-KB} 25. h4 h5 26. Kf3 Kg7 27. Ke4 Kf6 28. Ba4 Bb6 29. Bb5 Bc7 30. Ba4 Bb6 31. Bb5 Bc7 {[%emt 0:00:06] An even fight not without its subleties.  Weighted Error Value: White=0.01 (flawless) /Black=0.01 (flawless)} 1/2-1/2

[Event "Chinese League Div-A Rapid 2022"]
[Site "Fuling,Chongqing"]
[Date "2022.09.08"]
[Round "3.5"]
[White "Yuan, Ye"]
[Black "Ning, Kaiyu"]
[Result "1-0"]
[ECO "D37"]
[WhiteElo "2108"]
[BlackElo "2374"]
[Annotator "TA"]
[PlyCount "83"]
[EventDate "2022.09.07"]
[EventType "team-tourn"]
[EventCountry "CHN"]
[SourceTitle "playchess.com"]
[Source "ChessBase"]
[SourceQuality "1"]
[TimeControl "1500+10"]

1. d4 d5 2. c4 e6 3. Nf3 a6 4. cxd5 exd5 5. Nc3 Nf6 6. Bg5 {[%emt 0:00:02] D37: Queen's Gambit Declined: 5 Bf4.} Be6 7. e3 Nbd7 8. Qb3 {[%emt 0:00:22] White is slightly better.} Bd6 9. Bd3 b5 10. Qc2 h6 11. Bh4 O-O 12. O-O {[%emt 0:00:30] [#]} c6 $146 ({Predecessor:} 12... Rc8 13. Rfd1 c5 14. dxc5 Rxc5 15. Qd2 b4 16. Ne2 Qb6 17. Ned4 Bb8 18. Qe2 a5 {1-0 (37) Vitenberg,N (2298)-Van der Werf,M (2393) Chess.com INT 2020}) 13. Bg3 Bxg3 14. hxg3 Qc7 15. Ne2 Bg4 16. Nh2 Bxe2 17. Qxe2 c5 18. dxc5 $1 Nxc5 19. Rac1 Qd6 20. Bf5 g6 21. Bb1 Kg7 22. Rfd1 Rac8 23. b4 Na4 24. Qd2 {[%emt 0:00:09] Prevents Nc3.} Rc4 25. a3 Rfc8 $36 {[%emt 0:00:05][%mdl 2048] [#] Hoping for ...Nc3. Black is more active.} 26. Bd3 $1 Rc3 27. Nf3 R8c7 (27... Qc7 $5 28. Ra1 Rxd3 29. Qxd3 Nb2 $15) 28. Rxc3 Rxc3 29. Bc2 (29. Qa2 $11) 29... Qc7 (29... Rxa3 $17 {aiming for ...Nc3.} 30. Bxa4 Rxa4) 30. Bxa4 $15 bxa4 31. Qb2 (31. Nd4 $15) 31... Qc4 (31... Rb3 $17 32. Qa1 Qc3 33. Qxc3 Rxc3) 32. Nd4 h5 33. Kh1 Qc8 (33... Ng4 $17) 34. Kg1 $11 Rc4 35. Qa1 Rc3 36. Ne2 Rc2 37. Nd4 Rc7 38. Ne2 Qg4 $2 {[%emt 0:00:29] [#]} (38... Rc2 $11 39. Nd4 Rc3) 39. Nf4 $18 Rc3 $2 (39... Kh7 40. Nxd5 Nxd5 41. Rxd5 Qc4) 40. Nxd5 {[%emt 0:00:24] White is clearly winning.} ({Stronger than} 40. Qxc3 Qxd1+ 41. Kh2 g5 $14) 40... Nxd5 41. Rxd5 Qc4 42. Rc5 {[%emt 0:00:04] Weighted Error Value: White=0.15 (very precise) /Black=0.28 (precise)} 1-0

[Event "Chinese League Div-A Rapid 2022"]
[Site "Fuling,Chongqing"]
[Date "2022.09.08"]
[Round "3.6"]
[White "Lu, Shanglei"]
[Black "Xue, Haowen"]
[Result "1-0"]
[ECO "B47"]
[WhiteElo "2616"]
[BlackElo "2128"]
[Annotator "TA"]
[PlyCount "81"]
[EventDate "2022.09.07"]
[EventType "team-tourn"]
[EventCountry "CHN"]
[SourceTitle "playchess.com"]
[Source "ChessBase"]
[SourceQuality "1"]
[TimeControl "1500+10"]

1. e4 c5 2. Nf3 Nc6 3. d4 cxd4 4. Nxd4 Qc7 5. Nc3 e6 6. g3 a6 7. Bg2 Nf6 8. O-O Be7 9. Re1 O-O 10. Nxc6 dxc6 11. e5 Rd8 12. Qf3 Nd5 13. h4 {[%emt 0:00:02] B47: Sicilian: Taimanov: 5 Nc3 Qc7 6 f4, 6 g3 and 6 Be2.} h6 14. Qg4 Kf8 15. Qh5 {[%emt 0:05:07] [#] White has an edge.} Qa5 $146 {[%emt 0:06:01] [#]} (15... Bb4 $11 {keeps the balance.}) ({Predecessor:} 15... Bd7 16. Bxh6 Nxc3 17. Bd2 Kg8 18. Bxc3 Be8 19. Qe2 b5 20. Bd2 c5 21. Bxa8 Rxa8 22. Bg5 Bxg5 23. hxg5 Bc6 24. f3 Qd8 25. Qe3 Qd5 26. Kf2 g6 27. b3 {1-0 (27) Murphy,C (2394)-Pribelszky,B (2343) Budapest 2021}) 16. Bxh6 $1 $16 gxh6 (16... Nxc3 $2 17. Bd2 $1 Ke8 18. Bxc3 $18) 17. Qxh6+ Ke8 18. Ne4 {[%emt 0:00:01][%mdl 1024] Black must now prevent c4. White has strong compensation.} b5 19. h5 (19. a4 $142) 19... Kd7 20. Qg7 {[%emt 0:00:15] Strongly threatening h6.} Rf8 21. h6 {[%emt 0:07:38] And now Nf6+ would win.} (21. a4 $5) 21... Qd8 $1 22. b3 {[%emt 0:00:59] Threatens to win with c4.} (22. a4 $5 ) 22... b4 23. a3 Rh8 (23... Rg8 $14 24. Qxf7 Qf8 25. Qxf8 (25. Nc5+ Kc7 $15) 25... Rxf8) 24. axb4 $1 (24. Qxf7 $6 Qf8 25. Qxf8 Bxf8 $11) 24... Qf8 25. b5 {[%emt 0:01:20] White is much more active.} Rxh6 (25... Bb7 $142) 26. bxc6+ Kc7 {[%emt 0:00:05] [#]} (26... Kxc6 $2 27. Qxf8 Bxf8 28. c4) 27. Qg4 {[%emt 0:00:03] Hoping for c4. Chess con chili.} (27. Qxf8 $6 Bxf8 28. Red1 Bg7 $14) 27... Rg6 (27... f5 $16 {was necessary.} 28. exf6 Bxf6) 28. Qf3 (28. Qe2 f5 29. exf6 Nxf6 $16) (28. Qh5 $18) 28... f5 29. exf6 $1 {[%emt 0:00:19][%mdl 64] Deflection} Nxf6 (29... Rxf6 $16 {is a better chance.} 30. Nxf6 Qxf6) 30. Qc3 $18 Nd5 {[%emt 0:00:29] [#]} 31. Qa5+ (31. Qe5+ $1 $18 {and the rest is easy.} Bd6 32. Nxd6 Qxd6 33. Qh8) 31... Kb8 $16 32. b4 Qd8 {[%emt 0:00:14] Against c7+} (32... Bxb4 $16 {might work better.} 33. Reb1 Ka7) 33. Qa4 $18 {[%emt 0:00:10] aiming for Qb3.} Qb6 $2 (33... Nb6 34. Qb3 e5) 34. c4 Nc7 (34... Ra7 35. cxd5 exd5) 35. Qc2 {[%emt 0:00:29] c5 is the strong threat.} Rg8 36. c5 Qxc6 37. Nc3 (37. Nf6 $6 Qxg2+ 38. Kxg2 Bxf6 $18) (37. Nd6 $18 {and White stays clearly on top.} Nd5 38. Qh7) 37... Qe8 $16 38. b5 $36 {[%emt 0:00:01][%cal Bb4b5,Bb5b6][%mdl 2080] White is really pushing.} (38. Bxa8 $6 Kxa8 39. b5 Bxc5 $14) 38... Bxc5 $2 (38... Rxg3 $16 39. fxg3 Bxc5+ 40. Kf1 (40. Kh2 Qh5+ 41. Bh3 e5 $18) 40... Qf7+ 41. Ke2 Ra7) 39. b6 $18 {[%emt 0:00:20] White is clearly winning.} ({Less strong is} 39. Na4 Rxg3 40. Nxc5 (40. Qxc5 Rxg2+ 41. Kxg2 Qg6+ 42. Kf1 Qd3+ 43. Kg1 Qg6+ 44. Kf1 Qd3+ 45. Kg2 Bb7+ 46. Kg1 Qg6+ 47. Kf1 Qd3+ 48. Kg1 Qg6+ 49. Kf1 Qd3+ 50. Kg1 $11) 40... Qg6 41. Qxg6 Rxg6 $18) 39... Nb5 40. Nxb5 Qxb5 41. Reb1 {[%emt 0:00:04][%mdl 64] Deflection.  Weighted Error Value: White=0.36/Black=0.58} ({Not} 41. Qe4 Bxf2+ 42. Kxf2 Qxb6+ 43. Re3 Qb2+ 44. Kg1 (44. Re2 Qb6+ 45. Re3 Qb2+ 46. Kg1 Qxa1+ $16) 44... Qxa1+ $16) 1-0